 Dungeon Crawl Stone Soup version 0.27-a0-1046-g98bf31544f (webtiles) character file.

Game seed: 9712880872782035687

554 Mesmaeker13 the Caller (level 7, -4/41 HPs)
             Began as an Octopode Summoner on Apr 19, 2021.
             Slain by a gnoll sergeant
             ... wielding a +0 spear
              (11 damage)
             ... on level 5 of the Dungeon.
             The game lasted 00:09:19 (7522 turns).

Mesmaeker13 the Caller (Octopode Summoner)          Turns: 7522, Time: 00:09:20

Health: -4/41      AC:  1    Str:  7    XL:     7   Next: 30%
Magic:  7/13       EV: 14    Int: 20    God:
Gold:   225        SH:  0    Dex: 12    Spells: 4/14 levels left

rFire    . . .     SeeInvis .   m - +0 rapier (speed)
rCold    . . .     Faith    .   (no shield)
rNeg     . . .     Spirit   .   (helmet restricted)
rPois    .         Reflect  .   (no amulet)
rElec    .         Harm     .   (no ring)
rCorr    .         Rampage  .   (no ring)
Will     .....                  (no ring)
Stlth    +++.......             (no ring)
HPRegen  0.13/turn              (no ring)
MPRegen  0.13/turn              (no ring)
                                (no ring)
                                (no ring)

@: no status effects
A: almost no armour, amphibious, 8 rings, camouflage 1, gelatinous body 1,
(nimble swimmer 1), tentacles
a: no special abilities


You were on level 5 of the Dungeon.
You visited 2 branches of the dungeon, and saw 6 of its levels.

You collected 225 gold pieces.

Inventory:

Hand Weapons
 m - a +0 rapier of speed (weapon)
Missiles
 e - 14 poisoned darts (quivered)
 j - 3 javelins
Wands
 i - a wand of iceblast (7)
Scrolls
 a - a scroll of blinking
 b - a scroll of immolation {unknown}
 c - 3 scrolls of teleportation
 d - 2 scrolls of silence {unknown}
 f - a scroll of amnesia
 l - a scroll of vulnerability {unknown}
Potions
 g - a potion of heal wounds {unknown}
 h - a potion of brilliance {unknown}
 k - a potion of might {unknown}


   Skills:
 + Level 4.7 Dodging
 - Level 2.6 Stealth
 + Level 4.3 Spellcasting
 - Level 5.1 Summonings
 + Level 2.5 Ice Magic


You had 4 spell levels left.
You knew the following spells:

 Your Spells              Type           Power      Damage    Failure   Level
a - Summon Small Mammal   Summ           100%       N/A       1%          1
b - Call Imp              Summ           25%        N/A       2%          2
c - Call Canine Familiar  Summ           25%        N/A       4%          3
d - Summon Ice Beast      Ice/Summ       19%        N/A       26%         4

Your spell library contained the following spells:

 Spells                   Type           Power      Damage    Failure   Level
 Sandblast                Erth           8%         2d5       12%         1
 Summon Guardian Golem    Hex/Summ       14%        N/A       13%         3
 Passwall                 Tmut/Erth      3%         N/A       19%         2
 Confusing Touch          Hex            4%         N/A       36%         3
 Gell's Gravitas          Tloc           2%         N/A       36%         3
 Stone Arrow              Conj/Erth      8%         3d7       36%         3
 Summon Lightning Spire   Summ/Air       14%        N/A       38%         4
 Petrify                  Tmut/Erth      4%         N/A       77%         4
 Metabolic Englaciation   Hex/Ice        4%         N/A       90%         5
 Lee's Rapid Deconstruct  Erth           2%         3d5*      98%         5
 Yara's Violent Unravell  Hex/Tmut       2%         3d3       98%         5


Dungeon Overview and Level Annotations

Branches:
Dungeon (5/15)             Temple (1/1) D:5

Altars:
Ashenzari
Cheibriados
Fedhas
Gozag
Kikubaaqudgha
Okawaru
Ru
Sif Muna
Trog
Uskayaw
Vehumet
Xom

Annotations:
D:3 1 runed translucent door, PeterLawrence's ghost, amateur MiFi


Innate Abilities, Weirdness & Mutations

You cannot wear most types of armour.
You are amphibious.
You can wear up to eight rings at the same time.
Your skin changes colour to match your surroundings (Stealth+).
Your rubbery body absorbs attacks. (AC +1, EV +1)
((You are camouflaged near water. (Stealth+)))
You have tentacles for arms and can constrict up to eight enemies at once.


Message History

Your crimson imp blinks!
Casting: Call Canine Familiar (dangerous; 4% risk of failure)
Confirm with . or Enter, or press ? or * to list all spells.
You swap places.
Your hound bites the gnoll sergeant.
The gnoll sergeant hits you from afar with a +0 spear.
Your hound closely misses the gnoll sergeant.
The gnoll barely misses your crimson imp.
Your crimson imp hits the gnoll.
The gnoll dies!
Your hound bites the gnoll sergeant.
Your hound barely misses the gnoll sergeant.
Your crimson imp blinks!
Your hound bites the gnoll sergeant.
The gnoll sergeant hits you with a +0 spear!
The gnoll hits your hound with a +0 whip!
You hit the gnoll sergeant but do no damage.
Your grab misses the gnoll sergeant.
The gnoll sergeant is heavily wounded.
Your hound bites the gnoll.
The gnoll sergeant hits you with a +0 spear!
Your hound barely misses the gnoll.
The gnoll misses your hound.
Your hound bites the gnoll.
The gnoll sergeant barely misses you. The gnoll misses your hound.
Your hound bites the gnoll.
Your hound closely misses the gnoll.
The gnoll hits your hound with a +0 whip.
Your hound barely misses the gnoll.
Casting: Call Canine Familiar (dangerous; 4% risk of failure)
Confirm with . or Enter, or press ? or * to list all spells.
A beastly little devil appears in a puff of flame.
The gnoll barely misses your hound.
Your hound barely misses the gnoll.
Your hound barely misses the gnoll.
The gnoll hits your hound with a +0 whip.
The gnoll sergeant hits you from afar with a +0 spear!
* * * LOW HITPOINT WARNING * * *
Your hound bites the gnoll.
The gnoll dies!
Unknown command.
You swap places.
The gnoll sergeant hits you from afar with a +0 spear!
You die...

########.#.##.....# #<# ##
#...........#.....# #.# .#
#...........#.....# #.# .#
#...........#.....# #.### .#
#...........####### #.... .#
#(..........# ##### .#
#...........# ########## .#
#...........# #..))..... .#
#..........@######).########
.#
...........5g..h5..........
##
............#####..)..#####
#############.#'#.#
#.....#...#
..............#.#.#
#.....#.#.#
###############.#.#
#.##..#.#5# #.#.#
.......#.... #.#.#
###.#...###.# #.#.#
#.#........


You could see a gnoll sergeant (ally target), a friendly hound (summoned) and 2
friendly crimson imps.

Vanquished Creatures
  A scorpion (D:5)
  2 hounds (D:5)
  A bullfrog skeleton (D:3)
  A centaur skeleton (D:4)
  An iguana (D:5)
  5 gnolls
  A dart slug (D:2)
  An orc (D:3)
  5 endoplasms
  2 giant cockroaches (D:3)
  3 goblins
  6 hobgoblins
  5 kobolds
  3 quokkas
  3 ball pythons
  2 frilled lizards (D:1)
  A rat (D:1)
43 creatures vanquished.

Vanquished Creatures (collateral kills)
  A black bear (D:3)
  An ogre (D:5)
  A phantom (D:4)
  A water moccasin skeleton (D:2)
  A gnoll shaman (D:4)
  A hound (D:5)
  2 iguanas
  Natasha (twice) (D:4)
  6 gnolls
  3 adders
  A dart slug (D:1)
  An orc (D:4)
  2 endoplasms
  A giant cockroach (D:2)
  3 goblins
  4 hobgoblins
  2 quokkas (D:3)
  4 ball pythons
  2 bats
  2 frilled lizards
41 creatures vanquished.

Vanquished Creatures (others)
  5 fungi (D:2)
  11 plants (D:2)
16 creatures vanquished.

Grand Total: 100 creatures vanquished

Notes
Turn   | Place    | Note
-------+----------+-------------------------------------------
     0 | D:1      | Mesmaeker13 the Octopode Summoner began the quest for the
                  | Orb.
     0 | D:1      | Reached XP level 1. HP: 11/11 MP: 3/3
   632 | D:1      | Reached XP level 2. HP: 17/17 MP: 3/5
   949 | D:1      | You fall into a shaft and drop 1 floor!
   959 | D:2      | Learned a level 2 spell: Call Imp
  1032 | D:2      | Found a faded altar of an unknown god.
  1576 | D:2      | Reached XP level 3. HP: 21/21 MP: 3/6
  1723 | D:3      | Learned a level 3 spell: Call Canine Familiar
  1731 | D:3      | Noticed PeterLawrence's ghost (amateur MiFi)
  1733 | D:3      | Found a runed translucent door.
  1749 | D:3      | Found a sacrificial altar of Ru.
  2689 | D:2      | Reached XP level 4. HP: 16/27 MP: 3/8
  3354 | D:3      | Found an iron altar of Okawaru.
  3449 | D:3      | Noticed a black bear
  3762 | D:3      | Reached XP level 5. HP: 31/31 MP: 6/9
  4105 | D:3      | Killed a black bear
  4106 | D:3      | Reached skill level 5 in Summonings
  4432 | D:4      | Noticed Natasha
  4446 | D:4      | Killed Natasha
  4540 | D:4      | Learned a level 4 spell: Summon Ice Beast
  4769 | D:4      | Reached XP level 6. HP: 36/36 MP: 7/11
  4799 | D:4      | Reached skill level 1 in Ice Magic
  5124 | D:4      | Noticed Natasha
  5251 | D:4      | Killed Natasha
  5847 | D:5      | Entered Level 5 of the Dungeon
  6219 | D:5      | Found a staircase to the Ecumenical Temple.
  6225 | Temple   | Entered the Ecumenical Temple
  6806 | D:5      | Reached XP level 7. HP: 30/41 MP: 10/13
  7522 | D:5      | Slain by a gnoll sergeant

Illustrated notes

Levels and vault maps discovered:
D:1:      erik_arrival_cave_to_civilisation [erik_arrival_cave_to_hall],
          layout_basic, amcnicky_mini_rare_corridor_liquid, columned_hall_lemuel
D:2:      layout_loops_ring, shapermc_ecumenical_altar_mp_urbaneastern,
          kennysheep_generic_room_3
D:3:      layout_loops_ring, lemuel_round_altar,
          nicolae_ru_sacrificial_ziggurat, hellmonk_ghost_happy_afterlife,
          chequers_serial_rivers_small_3, kennysheep_cross_room,
          minmay_misc_feat_cross
D:4:      layout_gridville, uniq_natasha
D:5:      layout_basic, minmay_temple_entry_enclosed_plants
Temple:   jpeg_temple_alley_garden

Skill      XL: |  1  2  3  4  5  6 |
---------------+-------------------+-----
Dodging        | 3 4 |  4.7
Spellcasting   | 3 4 |  4.3
Summonings     | 5 |  5.1
Ice Magic      | 2 |  2.5
Stealth        | |  2.6

Action                   |  1- 3 |  4- 6 |  7- 9 || total
-------------------------+-------+-------+-------++-------
Melee: Unarmed           |    21 |       |       ||    21
       Constrict         |    10 |    12 |     2 ||    24
       Tentacles         |     8 |    10 |     3 ||    21
       Dagger            |    24 |    18 |       ||    42
       Rapier            |       |    44 |    10 ||    54
 Cast: Summon Small Mamm |    15 |     1 |       ||    16
       Call Imp          |    15 |    25 |     7 ||    47
       Call Canine Famil |     3 |    19 |     4 ||    26
Evoke: Wand              |       |     2 |     1 ||     3
  Use: Scroll            |     3 |     1 |       ||     4
       Potion            |       |     1 |       ||     1
 Stab: Sleeping          |     2 |     3 |       ||     5
       Distracted        |     2 |     2 |       ||     4
Armor: Skin              |     2 |     4 |       ||     6
Dodge: Dodged            |    45 |    42 |     7 ||    94

Table legend: (Time is in decaauts)
 A = Elapsed time spent in this place.
 B = Non-inter-level travel time spent in this place.
 C = Inter-level travel time spent in this place.
 D = Time resting spent in this place.
 E = Time spent auto-exploring this place.
 F = Levels seen in this place.
 G = Mean time per level.
                   A        B        C        D        E       F      G
               +--------+--------+--------+--------+--------+-----+--------+
         Total |   7527 |   7348 |    179 |   2609 |   3695 |   6 | 1254.5 |
       Dungeon |   7295 |   7169 |    126 |   2609 |   3518 |   5 | 1459.0 |
        Temple |    231 |    178 |     53 |      0 |    177 |   1 |  231.0 |
               +--------+--------+--------+--------+--------+-----+--------+

Top non-repeatable levels by time:
     D:3: 1717 daAuts
     D:2: 1542 daAuts
     D:5: 1442 daAuts
     D:4: 1440 daAuts
     D:1: 1152 daAuts
  Temple: 231 daAuts
